 Dungeon Crawl Stone Soup version 0.31-a0-631-g285b096dc4 (webtiles) character file.

Game seed: 7079891225809585051

7875 javelincjr the Mimic (level 11, 0/94 HPs)
             Began as a Troll Shapeshifter on Aug 24, 2023.
             Was a Priest of Qazlal.
             Slain by a kobold brigand
             ... wielding a +0 short sword
              (8 damage)
             ... on level 8 of the Dungeon on Aug 25, 2023.
             The game lasted 00:40:03 (6387 turns).

javelincjr the Mimic (Troll Shapeshifter)           Turns: 6387, Time: 00:40:03

Health: 0/94       AC:  4    Str: 31    XL:     11   Next: 2%
Magic:  10/13      EV: 11    Int:  4    God:    Qazlal [***...]
Gold:   466        SH:  4    Dex:  9    Spells: 10/10 levels left

rFire   . . .        t - melded +2 dagger (venom)
rCold   . . .        (shield currently unavailable)
rNeg    + . .        a - +0 animal skin
rPois   .            (helmet restricted)
rElec   .            (no cloak)
rCorr   +            (gloves unavailable)
SInv    .            (boots unavailable)
Will    .....        (no amulet)
Stlth   +            F - ring of the Devil's Advocate {Fly rCorr Str-4 Dex+3}
HPRegen 1.15/turn    H - ring "Bojuhu" {rN+ Str+6 Dex-4 Stlth+}
MPRegen 0.13/turn

%: random rage (3%)
@: flux-form, flying, glowing
A: glow, contaminating, large, unfitting armour, claws 3, regeneration 1, shaggy
fur 1, tough skin 1, berserk 1, frail 1
a: Begin Untransformation, Renounce Religion, Upheaval, Elemental Force


You were on level 8 of the Dungeon.
You worshipped Qazlal.
Qazlal was most pleased with you.
You were something dangerously unstable.
You visited 2 branches of the dungeon, and saw 9 of its levels.

You collected 466 gold pieces.

Inventory:

Hand Weapons
 t - a +2 dagger of venom (melded)
 D - a +2 spear of flaming
 E - a +5 spear of freezing
Missiles
 B - 5 large rocks
Armour
 a - a +0 animal skin (worn)
 j - a +0 kite shield
 C - a +0 buckler
Jewellery
 f - the ring "Jarygy" {Wiz Str+3 SInv}
   (You took it off an orc warrior on level 7 of the Dungeon)

   [ring of wizardry]

   Wiz:       It improves your spell success rate.
   Str+3:     It affects your strength (+3).
   SInv:      It lets you see invisible.
 q - a ring of ice
 w - a ring of fire
 A - a ring of willpower
 F - the ring of the Devil's Advocate (left claw) {Fly rCorr Str-4 Dex+3}
   (You found it on level 7 of the Dungeon)

   [ring of flight]

   Str-4:     It affects your strength (-4).
   Dex+3:     It affects your dexterity (+3).
   Fly:       It grants you flight.
   rCorr:     It protects you from acid and corrosion.
 G - the ring "Pigeh" {Fly rC++ rN++ Str+3 Dex-5}
   (You found it on level 7 of the Dungeon)

   [ring of flight]

   Str+3:     It affects your strength (+3).
   Dex-5:     It affects your dexterity (-5).
   rC++:      It greatly protects you from cold.
   rN++:      It greatly protects you from negative energy.
   Fly:       It grants you flight.
 H - the ring "Bojuhu" (right claw) {rN+ Str+6 Dex-4 Stlth+}
   (You found it on level 7 of the Dungeon)

   [ring of positive energy]

   Str+6:     It affects your strength (+6).
   Dex-4:     It affects your dexterity (-4).
   rN+:       It protects you from negative energy.
   Stlth+:    It makes you more stealthy.
 J - a ring of flight
 L - a ring of positive energy
Talismans
 c - a beast talisman
 d - a flux talisman (active)
Wands
 M - a wand of paralysis (9)
 O - a wand of flame (40)
 P - a wand of mindburst (20)
Scrolls
 e - 3 scrolls of teleportation
 g - 5 scrolls of fog {unknown}
 h - 2 scrolls of blinking {unknown}
 i - 7 scrolls of identify {unknown}
 o - a scroll of revelation {unknown}
 p - 2 scrolls of fear {unknown}
 r - a scroll of vulnerability {unknown}
 y - a scroll of immolation {unknown}
 z - a scroll of amnesia {unknown}
 K - a scroll of enchant armour {unknown}
 N - a scroll of silence {unknown}
Potions
 b - 2 potions of lignification
 l - a potion of curing
 m - a potion of heal wounds {unknown}
 n - a potion of haste {unknown}
 s - 5 potions of berserk rage {unknown}
 u - a potion of cancellation {unknown}
 v - a potion of invisibility {unknown}
 x - a potion of brilliance {unknown}
 I - a potion of ambrosia {unknown}


   Skills:
 + Level 5.8 Fighting
 + Level 6.0 Dodging
 + Level 3.5 Shields
 + Level 7.5 Unarmed Combat
 + Level 5.2 Invocations
 * Level 9.5 Shapeshifting


You had 10 spell levels left.
You didn't know any spells.
Your spell library contained the following spells:

 Spells                   Type           Power      Damage    Failure   Level
 Slow                     Hex            0%         N/A       50%         1
 Ensorcelled Hibernation  Hex/Ice        0%         N/A       65%         2
 Confusing Touch          Hex            0%         N/A       86%         3
 Vampiric Draining        Necr           0%         2d6       86%         3
 Vhi's Electric Charge    Tloc/Air       0%         N/A       86%         3
 Anguish                  Hex/Necr       0%         N/A       99%         4
 Arcjolt                  Conj/Air       0%         1d10      100%        5
 Maxwell's Capacitive Co  Air            0%         ∞         100%        8


Dungeon Overview and Level Annotations

Branches:
Dungeon (8/15)             Temple (1/1) D:7
   Lair: D:8-11

Altars:
Ashenzari
Dithmenos
Elyvilon
Fedhas
Gozag
Hepliaklqana
Kikubaaqudgha
Makhleb
Nemelex Xobeh
Okawaru
Qazlal
Ru
Sif Muna
Trog
Uskayaw
Vehumet
Wu Jian
Zin
The Shining One

Shops:
D:8 (

Annotations:
Temple 2 transporters


Innate Abilities, Weirdness & Mutations

You are something dangerously unstable.
You glow with magical radiation, making you easy to see and hit.
Foes you strike become dangerously contaminated with magical radiation.
You are incapable of wielding weapons or throwing items.
You are too large for most types of armour.
You have claws for hands.
Your natural rate of healing is unusually fast.
You are covered in fur. (AC +1)
You have tough skin. (AC +1)
You sometimes lose your temper in combat.
You are frail. (-10% HP)


Message History

You kill the two-headed ogre!
Qazlal accepts your kill.
Your Dodging skill increases to level 6!
You have reached level 11!
You claw the kobold brigand!
You kill the kobold brigand!
Qazlal accepts your kill.
You hear an angry hiss.
The kobold brigand throws a poisoned dart.
You block the poisoned dart.
You barely miss something. Something hits you.
* * * LOW HITPOINT WARNING * * *
Something shocks you.
* * * LOW HITPOINT WARNING * * *
You claw something!
The sky beast begins to glow.
The sky beast is severely wounded.
The sky beast barely misses you.
You claw the sky beast!
The sky beast glows dangerously bright.
The sky beast is almost dead.
You hear a loud, deep croak!
The sky beast hits you.
* * * LOW HITPOINT WARNING * * *
The sky beast shocks you.
* * * LOW HITPOINT WARNING * * *
Okay, then.
You claw the sky beast!
You kill the sky beast!
Qazlal accepts your kill.
Reactivating autopickup.
You claw the kobold brigand!
The kobold brigand begins to glow.
The kobold brigand is severely wounded.
A bullfrog comes into view.
The kobold brigand barely misses you.
You barely miss the kobold brigand.
The kobold brigand is severely wounded.
You claw the kobold brigand!
The kobold brigand glows dangerously bright.
The kobold brigand is almost dead.
The kobold brigand hits you with a +0 short sword!
You die...

...................#
......###.###.#...##
..........# #.#..##
########### #...##
#..## #..# #..## ###
#..§##F.#..#.
##..BK)......
.....####...##.#
####! .### #. .# #.
.# # #### #. .# #
#..## .#
####8..###.# .#
......(....#


You could see a kobold brigand (heavy contam) and a bullfrog.

Vanquished Creatures
  2 two-headed ogres
  A centaur warrior (D:8)
  A gargoyle (D:7)
  A troll (D:7)
  Prince Ribbit (D:5)
  2 slime creatures (D:7)
  A wraith (D:7)
  11 yaks
  2 steam dragons
  Duvessa (D:4)
  2 water moccasins
  2 ice beasts (D:7)
  3 orc warriors (D:7)
  A black bear (D:3)
  A sky beast (D:8)
  4 centaurs
  3 phantoms
  A kobold brigand (D:8)
  A bullfrog (D:6)
  2 gnoll sergeants
  3 scorpions
  Dowan (D:4)
  6 killer bees (D:7)
  4 jellies
  2 hounds (D:5)
  4 iguanas
  2 sleepcaps
  Jessica (D:2)
  Natasha (thrice) (D:2)
  7 orc wizards
  10 gnolls
  6 adders
  A shadow imp (D:7)
  2 white imps
  A worm (D:4)
  3 dart slugs
  22 orcs
  5 ball pythons
  10 endoplasms
  6 giant cockroaches
  7 goblins
  9 hobgoblins
  2 jackals (D:5)
  8 kobolds
  2 quokkas
  7 bats
  4 rats
181 creatures vanquished.

Notes
Turn   | Place    | Note
-------+----------+-------------------------------------------
     0 | D:1      | javelincjr the Troll Shapeshifter began the quest for the
                  | Orb.
     0 | D:1      | Reached XP level 1. HP: 18/18 MP: 0/0
    93 | D:1      | Reached skill level 1 in Fighting
   109 | D:1      | Reached XP level 2. HP: 27/27 MP: 1/1
   337 | D:1      | Reached XP level 3. HP: 33/33 MP: 2/2
   360 | D:1      | Found a faded altar of an unknown god.
   406 | D:1      | Prayed at the altar of an unknown god.
   406 | D:1      | Became a worshipper of Qazlal Stormbringer
   406 | D:1      | Reached * piety under Qazlal
   811 | D:2      | Noticed Natasha
   814 | D:2      | Killed Natasha
   815 | D:2      | Reached XP level 4. HP: 41/41 MP: 3/3
   975 | D:2      | Noticed Natasha
   979 | D:2      | Killed Natasha
  1411 | D:2      | Noticed Jessica
  1415 | D:2      | Killed Jessica
  1415 | D:2      | Noticed Natasha
  1416 | D:2      | Reached skill level 4 in Shapeshifting
  1420 | D:2      | Killed Natasha
  1421 | D:2      | Reached XP level 5. HP: 49/49 MP: 4/4
  1751 | D:3      | Reached ** piety under Qazlal
  2172 | D:4      | Noticed Duvessa
  2172 | D:4      | Noticed Dowan
  2221 | D:4      | Noticed a black bear
  2240 | D:3      | Killed a black bear
  2241 | D:3      | Reached XP level 6. HP: 15/57 MP: 5/5
  2362 | D:4      | Killed Duvessa
  2363 | D:4      | Reached skill level 5 in Shapeshifting
  2369 | D:4      | Killed Dowan
  2466 | D:4      | Reached XP level 7. HP: 66/66 MP: 6/6
  2544 | D:4      | Found a sparkling altar of Nemelex Xobeh.
  2732 | D:4      | Found a shadowy altar of Dithmenos.
  3123 | D:5      | Entered Level 5 of the Dungeon
  3297 | D:5      | Noticed a yak
  3297 | D:5      | Noticed a yak
  3297 | D:5      | Noticed a yak
  3297 | D:5      | Noticed a yak
  3297 | D:5      | Noticed a yak
  3298 | D:5      | Noticed a yak
  3302 | D:5      | Noticed Prince Ribbit
  3311 | D:5      | Killed a yak
  3312 | D:5      | Reached skill level 1 in Invocations
  3327 | D:5      | Killed a yak
  3328 | D:5      | Reached skill level 5 in Unarmed Combat
  3328 | D:5      | Reached skill level 6 in Shapeshifting
  3328 | D:5      | Reached XP level 8. HP: 51/75 MP: 6/8
  3536 | D:5      | HP: 3/75 [gnoll/+0 club[a gnoll sergeant] (5)]
  3721 | D:5      | Reached skill level 7 in Shapeshifting
  4011 | D:5      | Killed Prince Ribbit
  4012 | D:5      | Reached XP level 9. HP: 47/84 MP: 10/10
  4351 | D:6      | Found an opulent altar of Gozag.
  4882 | D:7      | Found a staircase to the Ecumenical Temple.
  4911 | Temple   | Found a transporter.
  4911 | Temple   | Found a transporter.
  4911 | Temple   | Found a transporter.
  4911 | Temple   | Found a transporter.
  4911 | Temple   | Entered the Ecumenical Temple
  4991 | D:7      | Reached *** piety under Qazlal
  4993 | D:7      | Upgraded the game from 0.31-a0-626-g8143ab4f1d to
                  | 0.31-a0-631-g285b096dc4
  5086 | D:7      | Reached skill level 8 in Shapeshifting
  5126 | D:7      | Reached skill level 5 in Dodging
  5139 | D:7      | Reached skill level 1 in Shields
  5382 | D:7      | Noticed a troll
  5384 | D:7      | Noticed a two-headed ogre
  5387 | D:7      | Noticed a gargoyle
  5390 | D:7      | Identified the ring "Jarygy" {Wiz Str+3 SInv}
  5401 | D:7      | Killed a two-headed ogre
  5401 | D:7      | Killed a troll
  5402 | D:7      | Reached skill level 5 in Fighting
  5402 | D:7      | Reached XP level 10. HP: 20/96 MP: 8/12
  5411 | D:7      | Killed a gargoyle
  5499 | D:7      | Identified the ring of the Devil's Advocate {Fly rCorr
                  | Str-4 Dex+3}
  5504 | D:7      | Identified the ring "Pigeh" {Fly rC++ rN++ Str+3 Dex-5}
  5537 | D:7      | Identified the ring "Bojuhu" {rN+ Str+6 Dex-4 Stlth+}
  5961 | D:7      | Reached skill level 9 in Shapeshifting
  5970 | D:7      | Found a bloodstained altar of Trog.
  6171 | D:8      | Found Baras's Weapon Shoppe.
  6360 | D:8      | Noticed a centaur warrior
  6364 | D:8      | Gained mutation: You sometimes lose your temper in combat.
                  | [potion of mutation]
  6364 | D:8      | Gained mutation: You are frail. (-10% HP) [potion of
                  | mutation]
  6368 | D:8      | Killed a centaur warrior
  6369 | D:8      | Reached skill level 5 in Invocations
  6372 | D:8      | Noticed a two-headed ogre
  6373 | D:8      | Reached **** piety under Qazlal
  6379 | D:8      | Killed a two-headed ogre
  6380 | D:8      | Reached XP level 11. HP: 13/94 MP: 9/13
  6383 | D:8      | HP: 4/94 [sky beast (5)]
  6387 | D:8      | Slain by a kobold brigand

Illustrated notes

Levels and vault maps discovered:
D:1:      psy_arrival_conway, layout_rooms, serial_forest,
          infiniplex_forest_lined_ring, infiniplex_forest_side_room,
          infiniplex_forest_end_double, infiniplex_forest_clump_curved,
          infiniplex_forest_straight_2, infiniplex_forest_lined_3,
          chequers_ecumenical_altar_island, st_stairs_6, bh_walls_and_bars
D:2:      layout_basic, uniq_natasha, uniq_jessica
D:3:      layout_basic
D:4:      layout_loops_cross, nicolae_dithmenos_shadow_blocks,
          nicolae_overflow_crystal_walls, serial_rivers,
          chequers_serial_rivers_micro_d, chequers_serial_rivers_large_a,
          chequers_serial_rivers_room_b, chequers_serial_rivers_micro_d,
          uniq_duvessa
D:5:      layout_gridville, sigmund_army, uniq_prince_ribbit1
D:6:      layout_cave_pools, mainiacjoe_overflow_boulevard, grunt_ministairs_5,
          kennysheep_generic_room_7
D:7:      minmay_the_grid_triangle_9x9_recursive_2
          [minmay_the_grid_triangle_9x9_prize_special,
          minmay_the_grid_triangle_9x9_windchime,
          minmay_the_grid_triangle_9x9_wacky_v,
          minmay_the_grid_triangle_9x9_alien], layout_loops_ring,
          trog_butcher_becter, temple_fountains
D:8:      layout_basic, slow_altar_2, serial_shops, shop_statue,
          minmay_ruined_shrine
Temple:   hellmonk_temple_divided_pantheon

Skill      XL: |  1  2  3  4  5  6  7  8  9 10 |
---------------+-------------------------------+-----
Fighting       | 1 2 3 4 5 |  5.8
Dodging        | 2 3 4 5 6 |  6.0
Shapeshifting  | 4 5 6 7 8 9 |  9.5
Unarmed Combat | 4 5 6 7 |  7.5
Invocations    | 1 3 4 5 |  5.2
Shields        | 2 3 |  3.5

Action                     |  1- 3 |  4- 6 |  7- 9 | 10-12 || total
---------------------------+-------+-------+-------+-------++-------
  Melee: Unarmed           |    87 |    74 |   193 |    89 ||   443
         Punch             |     3 |       |    12 |       ||    15
         Dagger            |       |    16 |   122 |       ||   138
 Invoke: Upheaval          |       |     1 |     2 |     1 ||     4
    Use: Scroll            |       |       |     2 |       ||     2
         Potion            |       |       |     2 |     3 ||     5
   Stab: Sleeping          |     1 |       |       |       ||     1
 Armour: Animal skin       |    27 |    32 |    66 |     8 ||   133
  Dodge: Dodged            |    33 |    31 |   164 |    27 ||   255
  Block: Other             |     2 |     9 |    43 |     8 ||    62
   Form: Flux              |       |       |     1 |       ||     1

Table legend: (Time is in decaauts)
 A = Elapsed time spent in this place.
 B = Non-inter-level travel time spent in this place.
 C = Inter-level travel time spent in this place.
 D = Time resting spent in this place.
 E = Time spent auto-exploring this place.
 F = Levels seen in this place.
 G = Mean time per level.
                   A        B        C        D        E       F      G
               +--------+--------+--------+--------+--------+-----+--------+
         Total |   6347 |   6158 |    189 |    346 |   4400 |   9 |  705.2 |
       Dungeon |   6282 |   6093 |    189 |    283 |   4400 |   8 |  785.2 |
        Temple |     64 |     64 |      0 |     63 |      0 |   1 |   64.0 |
               +--------+--------+--------+--------+--------+-----+--------+

Top non-repeatable levels by time:
     D:7: 1179 daAuts
     D:5: 1041 daAuts
     D:4: 843 daAuts
     D:2: 817 daAuts
     D:3: 807 daAuts
     D:1: 650 daAuts
     D:6: 650 daAuts
     D:8: 292 daAuts
  Temple: 64 daAuts
